 Dungeon Crawl Stone Soup version 0.31-a0-818-ge7c7cf74f0 (webtiles) character file.

Game seed: 9206385418292504759

27905 javelincjr the Grappler (level 13, 0/101 HPs)
             Began as a Demonspawn Shapeshifter on Sept 22, 2023.
             Was the Champion of Jiyva.
             Slain by an eight-headed hydra (8 damage)
             ... on level 4 of the Lair of Beasts.
             The game lasted 00:32:36 (8539 turns).

javelincjr the Grappler (Demonspawn Shapeshifter)   Turns: 8539, Time: 00:32:37

Health: 0/101      AC:  7    Str: 17    XL:     13   Next: 6%
Magic:  13/13      EV: 15    Int: 26    God:    Jiyva [******]
Gold:   701        SH:  4    Dex: 11    Spells: 12/12 levels left

rFire   . . .        O - melded +3 trident (drain)
rCold   + + +        (shield currently unavailable)
rNeg    . . .        r - +4 skin of Zhor {*Englaciate rC+++ SInv}
rPois   .            (helmet restricted)
rElec   .            w - +0 cloak
rCorr   +            (gloves currently unavailable)
SInv    +            h - +0 pair of boots
Will    .....        a - amulet of regeneration
Stlth   +            C - ring of flight
HPRegen 2.76/turn    H - +6 ring of intelligence
MPRegen 0.63/turn

%: no passive effects
@: blade hands, flying
A: horns 2, foul stench 2, condensation shield, weakness stinger 2, demonic
touch 1, clever 2, gelatinous body 1, pseudopods 1, jelly sensing items, jelly
absorbing missiles, engulf
a: Begin Untransformation, Renounce Religion, Oozemancy, Slimify


You were on level 4 of the Lair of Beasts.
You worshipped Jiyva.
Jiyva was exalted by your worship.
You had blades for hands.
You visited 3 branches of the dungeon, and saw 14 of its levels.
You also visited: Ossuary.

You collected 701 gold pieces.

Inventory:

Hand Weapons
 D - a +1 vampiric falchion
 J - a +5 hand axe of flaming
 O - a +3 trident of draining (melded)
Missiles
 g - 72 stones
 X - 6 boomerangs
Armour
 h - a +0 pair of boots (worn)
 r - the +4 skin of Zhor (worn) {*Englaciate rC+++ SInv}
   (You found it on level 1 of the Lair of Beasts)

   *Englaciate: It radiates cold, occasionally slowing all nearby creatures who
   are not resistant to cold.
   rC+++:     It renders you almost immune to cold.
   SInv:      It lets you see invisible.
 w - a +0 cloak (worn)
 E - the +0 robe of Yrytaer {rF+ Str+3 Int+3 Archmagi}
   (You found it on level 3 of the Dungeon)

   Str+3:     It affects your strength (+3).
   Int+3:     It affects your intelligence (+3).
   rF+:       It protects you from fire.
   Archmagi:  It increases the power of your magical spells.
 I - a +3 ring mail
 L - a +0 ring mail of positive energy
 P - an orb of guile
 W - an orb of mayhem
 Y - a +2 kite shield
Jewellery
 a - an amulet of regeneration (around neck)
 s - an amulet of guardian spirit
 C - a ring of flight (left blade hand)
 H - a +6 ring of intelligence (right blade hand)
 U - a +6 ring of intelligence
Talismans
 c - a beast talisman
 d - a flux talisman
 j - a blade talisman (active)
Wands
 e - a wand of flame (13)
 N - a wand of roots (14)
 S - a wand of mindburst (12)
 Z - a wand of paralysis (5)
Scrolls
 i - 2 scrolls of vulnerability
 k - 2 scrolls of revelation
 n - 7 scrolls of teleportation
 o - a scroll of fear
 p - a scroll of enchant armour {unknown}
 x - 2 scrolls of immolation
 y - a scroll of torment {unknown}
 F - 2 scrolls of amnesia {unknown}
Potions
 b - 4 potions of lignification
 f - 2 potions of degeneration
 l - 2 potions of enlightenment
 m - 7 potions of curing
 q - 2 potions of ambrosia
 t - 2 potions of invisibility
 u - 4 potions of heal wounds
 v - a potion of resistance {unknown}
 z - a potion of cancellation {unknown}
 A - 3 potions of berserk rage {unknown}
 B - a potion of magic {unknown}
 G - 2 potions of haste
 Q - 2 potions of mutation {unknown}
 T - a potion of brilliance {unknown}
Miscellaneous
 K - a box of beasts (inert)
 M - a lightning rod (4/4)
 V - a tin of tremorstones (2/2)


   Skills:
 * Level 9.5 Fighting
 + Level 6.0 Armour
 + Level 7.9 Dodging
 + Level 3.4 Shields
 * Level 11.4 Unarmed Combat
 * Level 10.6 Shapeshifting


You had 12 spell levels left.
You didn't know any spells.
Your spell library contained the following spells:

 Spells                   Type           Power      Damage    Failure   Level
 Summon Small Mammal      Summ           0%         N/A       13%         1
 Cigotuvi's Dreadful Rot  Necr/Pois/Air  0%         N/A       19%         2
 Ensorcelled Hibernation  Hex/Ice        0%         N/A       19%         2
 Passwall                 Tmut/Erth      0%         N/A       19%         2
 Poisonous Vapours        Pois/Air       0%         N/A       19%         2
 Call Canine Familiar     Summ           0%         N/A       36%         3
 Gell's Gravitas          Tloc           0%         N/A       36%         3
 Ignite Poison            Fire/Tmut/Pois 0%         N/A       36%         3
 Mephitic Cloud           Conj/Pois/Air  0%         N/A       36%         3
 Ozocubu's Armour         Ice            0%         N/A       36%         3
 Summon Guardian Golem    Hex/Summ       0%         N/A       36%         3
 Swiftness                Air            0%         N/A       36%         3
 Teleport Other           Tloc           0%         N/A       36%         3
 Freezing Cloud           Conj/Ice/Air   0%         6-21      98%         5
 Dispersal                Tloc           0%         N/A       100%        6
 Ozocubu's Refrigeration  Ice            0%         4d7       100%        7


Dungeon Overview and Level Annotations

Branches:
Dungeon (9/15)             Temple (1/1) D:6            Lair (4/5) D:9
 Shoals (0/4) Lair:3       Spider (0/4) Lair:2      Ossuary (visited)
  Slime: Lair:4-5       Orc: D:9-12

Altars:
Ashenzari
Cheibriados
Dithmenos
Fedhas
Gozag
Hepliaklqana
Kikubaaqudgha
Makhleb
Nemelex Xobeh
Okawaru
Qazlal
Ru
Sif Muna
Trog
Uskayaw
Vehumet
Wu Jian
Xom
Yredelemnul
Jiyva

Shops:
D:8 [

Annotations:
D:9 1 runed translucent door


Innate Abilities, Weirdness & Mutations

You have blades for hands.
You are incapable of wielding weapons or throwing items.
You have a pair of horns on your head.
You sometimes emit foul miasma when damaged in melee.
A meltable shield of frost defends you. (SH +4)
You have a tail ending in a sharp stinger.
Your touch may inflict minor irresistible damage on your foes.
Your mind is very acute. (Int +8, Str/Dex -2)
Your rubbery body absorbs attacks. (AC +1, EV +1)
Armour fits poorly on your pseudopods.
You have a small jelly attached to you that senses nearby items.
You have a small jelly attached to you that may absorb projectiles.
Your melee attacks may engulf your foes in ooze.


Message History

The wolf completely misses you.
You miss the wolf. Your headbutt misses the wolf.
The wolf is no longer moving slowly.
The bullfrog closely misses you. The wolf closely misses you.
You slice the eight-headed hydra!! You bludgeon the eight-headed hydra.
The eight-headed hydra is moderately wounded.
The wolf bites you. You block the bullfrog's attack.
The wolf barely misses you.
You slash the eight-headed hydra! You headbutt the eight-headed hydra.
Your touch misses the eight-headed hydra.
The eight-headed hydra is heavily wounded.
The bullfrog misses you. You block the wolf's attack.
The eight-headed hydra barely misses you.
The eight-headed hydra bites you.
You emit a cloud of foul miasma!
The eight-headed hydra bites you but does no damage.
The eight-headed hydra barely misses you.
The eight-headed hydra closely misses you.
The eight-headed hydra bites you! x2
The eight-headed hydra bites you but does no damage.
A five-headed hydra comes into view.
The blink frog blinks!
The bullfrog misses you.
You are too injured to fight recklessly!
You open the lid... ...and a larval batfire beast flies out!
The box is emptied!
The sentinel's mark upon you fades away.
You block the wolf's attack.
The bullfrog hits you but does no damage.
A cane toad comes into view.
The eight-headed hydra is engulfed in dark miasma.
The eight-headed hydra is poisoned.
The eight-headed hydra bites you!
* * * LOW HITPOINT WARNING * * *
The eight-headed hydra bites you!
* * * LOW HITPOINT WARNING * * *
You block the eight-headed hydra's attack.
The eight-headed hydra bites you.
* * * LOW HITPOINT WARNING * * *
The eight-headed hydra closely misses you.
The eight-headed hydra bites you!
You die...

#........#...#
#........#...###
##.............#
#.<.....^..<..##
##...........##
#...........##
#.......H..#.##
##...F.h......#
....#@FS....##
#...[†#Dl...:#
#......DS.!...#
##..(.FFl.....#
#......F§...##
#.......#...P#
#.#......#D###
##......F ##
#.......


You could see an eight-headed hydra (poisoned), a five-headed hydra, a komodo
dragon, a black mamba, a cane toad, 2 blink frogs, a water moccasin, a wyvern, a
wolf (ally target), 2 bullfrogs and a friendly larval batfire beast (summoned).

Vanquished Creatures
  A hydra (Lair:2)
  A two-headed ogre (D:9)
  2 catoblepae
  A skyshark (Lair:3)
  2 lindwurms (Lair:3)
  A cyclops (D:7)
  4 elephants (Lair:4)
  2 black mambas (Lair:2)
  Maggie (D:7)
  Jeremiah (D:6)
  7 cane toads
  9 rime drakes
  2 komodo dragons
  A polar bear (Lair:2)
  18 blink frogs
  A snapping turtle (Lair:3)
  2 jumping spiders (Lair:2)
  2 culicivoras (Lair:2)
  5 wyverns
  24 yaks
  A steam dragon (D:7)
  5 redbacks (Lair:2)
  4 basilisks
  Menkaure (D:7)
  Edmund (D:6)
  2 acid dragons
  5 water moccasins
  Duvessa (D:6)
  2 orc warriors
  3 sky beasts
  A black bear (Lair:1)
  2 ice beasts
  13 wolves
  2 centaurs
  A phantom (D:4)
  An elf zombie (Ossuary)
  A kobold brigand (D:8)
  8 bullfrogs
  2 gnoll sergeants
  2 scorpions
  Dowan (D:6)
  12 killer bees (D:8)
  3 howler monkeys
  2 human zombies (Ossuary)
  A hound (D:5)
  3 orc priests
  3 sleepcaps
  2 gnoll boudas
  Jessica (D:3)
  6 iguanas
  An orc wizard (D:9)
  3 hound zombies (Ossuary)
  5 mummies
  14 gnolls
  7 adders
  An adder zombie (Ossuary)
  2 worms
  5 dart slugs
  30 orcs
  3 bats
  3 endoplasms
  4 giant cockroaches
  5 goblins
  4 hobgoblins
  2 jackals (D:1)
  7 kobolds
  5 quokkas
  4 ball pythons
  A frilled lizard (D:3)
  A goblin zombie (Ossuary)
  2 hobgoblin zombies (Ossuary)
  2 orc zombies (Ossuary)
  6 rats
296 creatures vanquished.

Vanquished Creatures (collateral kills)
  2 lindwurms (Lair:3)
  A torpor snail (Lair:1)
  A rime drake (Lair:1)
  A howler monkey (D:7)
5 creatures vanquished.

Vanquished Creatures (others)
  A steam dragon (D:7)
  A centaur (D:6)
  4 bullfrogs
  A howler monkey (D:5)
  A hound (D:5)
  28 jellies
  An orc priest (D:7)
  3 adders
  A gnoll (D:7)
  A shadow imp (D:5)
  A white imp (D:5)
  2 ball pythons
  A bat (D:3)
  A frilled lizard (D:2)
  A kobold (D:4)
  2 rats (D:3)
50 creatures vanquished.

Grand Total: 351 creatures vanquished

Notes
Turn   | Place    | Note
-------+----------+-------------------------------------------
     0 | D:1      | javelincjr the Demonspawn Shapeshifter began the quest for
                  | the Orb.
     0 | D:1      | Reached XP level 1. HP: 15/15 MP: 1/1
   195 | D:1      | Gained mutation: You may rarely emit foul miasma when
                  | damaged in melee. [demonic ancestry]
   195 | D:1      | Reached XP level 2. HP: 21/21 MP: 2/2
   255 | D:1      | Reached skill level 3 in Unarmed Combat
   600 | D:2      | Found a sparkling altar of Nemelex Xobeh.
   820 | D:2      | Discovered your monstrous ancestry.
   820 | D:2      | Gained mutation: You have a pair of small horns on your
                  | head. [demonic ancestry]
   820 | D:2      | Reached XP level 3. HP: 26/26 MP: 3/3
  1070 | D:2      | Found a faded altar of an unknown god.
  1087 | D:2      | Prayed at the altar of an unknown god.
  1087 | D:2      | Became a worshipper of Jiyva Jeryhu the Shapeless
  1087 | D:2      | Reached * piety under Jiyva
  1352 | D:3      | Reached ** piety under Jiyva
  1359 | D:3      | Reached XP level 4. HP: 33/33 MP: 4/4
  1383 | D:3      | Found a shimmering altar of Xom.
  1386 | D:3      | Identified the +0 robe of Yrytaer {rF+ Str+3 Int+3
                  | Archmagi}
  1688 | D:3      | Found an ornate altar of the Wu Jian Council.
  1933 | D:3      | Noticed Jessica
  1951 | D:3      | Killed Jessica
  2064 | D:4      | Reached *** piety under Jiyva
  2078 | D:4      | Gained mutation: A frigid envelope surrounds you and
                  | freezes all who hurt you. [Jiyva's grace]
  2078 | D:4      | Gained mutation: You have sharp toenails. [Jiyva's grace]
  2078 | D:4      | Gained mutation: You have razor-sharp toenails. [Jiyva's
                  | grace]
  2078 | D:4      | Gained mutation: You have claws for feet. [Jiyva's grace]
  2207 | D:4      | Noticed a phantom
  2214 | D:4      | Killed a phantom
  2215 | D:4      | Reached skill level 4 in Unarmed Combat
  2215 | D:4      | Reached XP level 5. HP: 38/38 MP: 5/5
  2573 | D:5      | Entered Level 5 of the Dungeon
  2587 | D:5      | Gained mutation: You have a small tail. [demonic ancestry]
  2587 | D:5      | Reached XP level 6. HP: 26/46 MP: 2/6
  2780 | D:5      | Reached **** piety under Jiyva
  3018 | D:5      | Noticed an ice beast
  3025 | D:5      | Killed an ice beast
  3026 | D:5      | Gained mutation: You have a tail ending in a sharp stinger.
                  | [demonic ancestry]
  3026 | D:5      | Reached XP level 7. HP: 52/52 MP: 7/7
  3222 | D:6      | Noticed Edmund
  3228 | D:6      | Killed Edmund
  3229 | D:6      | Reached skill level 5 in Unarmed Combat
  3285 | D:6      | Found a staircase to the Ecumenical Temple.
  3291 | D:6      | Noticed Dowan
  3292 | D:6      | Noticed Duvessa
  3301 | Temple   | Entered the Ecumenical Temple
  3306 | D:6      | Killed Duvessa
  3307 | D:6      | Killed Dowan
  3308 | D:6      | Reached skill level 5 in Shapeshifting
  3430 | D:6      | Noticed Jeremiah
  3461 | D:6      | Killed Jeremiah
  3462 | D:6      | Gained mutation: Your touch may inflict minor irresistible
                  | damage on your foes. [demonic ancestry]
  3462 | D:6      | Reached XP level 8. HP: 46/60 MP: 8/8
  3478 | D:6      | Found a hazy altar of Hepliaklqana.
  3489 | D:6      | Lost mutation: You have claws for feet. [Jiyva's grace]
  3489 | D:6      | Gained mutation: Your mind is acute. (Int +4, Str/Dex -1)
                  | [Jiyva's grace]
  3489 | D:6      | Gained mutation: Your mind is very acute. (Int +8, Str/Dex
                  | -2) [Jiyva's grace]
  3489 | D:6      | Gained mutation: Your natural rate of healing is unusually
                  | fast. [Jiyva's grace]
  3489 | D:6      | Gained mutation: You heal very quickly. [Jiyva's grace]
  3595 | D:7      | Reached ***** piety under Jiyva
  3710 | D:7      | Found a sand-covered staircase.
  3718 | Ossuary  | Entered an ossuary
  3723 | Ossuary  | Reached skill level 6 in Unarmed Combat
  4014 | D:7      | Noticed a cyclops
  4026 | D:7      | Reached XP level 9. HP: 35/66 MP: 9/9
  4101 | D:7      | Killed a cyclops
  4102 | D:7      | Reached skill level 7 in Unarmed Combat
  4147 | D:7      | Reached skill level 5 in Fighting
  4197 | D:7      | Noticed Maggie
  4206 | D:7      | Killed Maggie
  4207 | D:7      | Reached skill level 5 in Dodging
  4253 | D:7      | Found a shadowy altar of Dithmenos.
  4273 | D:7      | Found an opulent altar of Gozag.
  4357 | D:7      | Noticed Menkaure
  4362 | D:7      | Killed Menkaure
  4722 | D:8      | Reached skill level 1 in Armour
  4722 | D:8      | Reached skill level 8 in Unarmed Combat
  4808 | D:8      | Found a basalt altar of Yredelemnul.
  4883 | D:8      | Gained mutation: You sometimes emit foul miasma when
                  | damaged in melee. [demonic ancestry]
  4883 | D:8      | Reached XP level 10. HP: 75/76 MP: 10/10
  4886 | D:8      | Found Perseus's Dragon-Slaying Spoils.
  5258 | D:9      | Found a staircase to the Lair.
  5345 | D:9      | Found a runed translucent door.
  5353 | D:9      | Noticed a sixfirhy
  5353 | D:9      | Found the +8 pair of quick blades "Gyre" and "Gimble"
                  | {protect}
  5364 | D:9      | Noticed a two-headed ogre
  5370 | D:9      | Killed a two-headed ogre
  5499 | D:9      | Found an ancient bone altar of Kikubaaqudgha.
  5654 | D:9      | Found a sacrificial altar of Ru.
  5692 | D:9      | Found a sparkling altar of Nemelex Xobeh.
  5927 | Lair:1   | Entered Level 1 of the Lair of Beasts
  5927 | Lair:1   | Lost mutation: A frigid envelope surrounds you and freezes
                  | all who hurt you. [Jiyva's grace]
  5927 | Lair:1   | Lost mutation: You heal very quickly. [Jiyva's grace]
  5927 | Lair:1   | Gained mutation: Your rubbery body absorbs attacks. (AC +1,
                  | EV +1) [Jiyva's grace]
  5927 | Lair:1   | Gained mutation: Your pliable body absorbs attacks. (AC +2,
                  | EV +2) [Jiyva's grace]
  5927 | Lair:1   | Gained mutation: Your gelatinous body deflects attacks. (AC
                  | +3, EV +3) [Jiyva's grace]
  5927 | Lair:1   | Gained mutation: Your melee attacks may engulf your foes in
                  | ooze. [Jiyva's grace]
  5994 | Lair:1   | Noticed a catoblepas
  6005 | Lair:1   | Killed a catoblepas
  6006 | Lair:1   | Reached skill level 9 in Unarmed Combat
  6049 | Lair:1   | Noticed a cane toad
  6055 | Lair:1   | Killed a cane toad
  6086 | Lair:1   | Gained mutation: You have a pair of horns on your head.
                  | [demonic ancestry]
  6086 | Lair:1   | Reached XP level 11. HP: 80/83 MP: 11/11
  6199 | Lair:1   | Reached ****** piety under Jiyva
  6446 | Lair:1   | Reached skill level 10 in Unarmed Combat
  6479 | Lair:1   | Found the +4 skin of Zhor {*Englaciate rC+++ SInv}
  6772 | Lair:2   | Found a hole to the Spider Nest.
  6933 | Lair:2   | Reached skill level 1 in Shields
  6956 | Lair:2   | Noticed a catoblepas
  6968 | Lair:2   | Killed a catoblepas
  6969 | Lair:2   | Reached XP level 12. HP: 82/92 MP: 12/12
  6992 | Lair:2   | Reached skill level 5 in Armour
  7069 | Lair:2   | Noticed a four-headed hydra
  7077 | Lair:2   | Killed a four-headed hydra
  7366 | Lair:2   | Reached skill level 10 in Shapeshifting
  7531 | Lair:2   | Reached skill level 11 in Unarmed Combat
  8082 | Lair:3   | Found a staircase to the Shoals.
  8261 | Lair:3   | Lost mutation: You have razor-sharp toenails. [Jiyva's
                  | grace]
  8261 | Lair:3   | Lost mutation: You have sharp toenails. [Jiyva's grace]
  8261 | Lair:3   | Lost mutation: Your natural rate of healing is unusually
                  | fast. [Jiyva's grace]
  8261 | Lair:3   | Lost mutation: Your gelatinous body deflects attacks. (AC
                  | +3, EV +3) [Jiyva's grace]
  8261 | Lair:3   | Lost mutation: Your pliable body absorbs attacks. (AC +2,
                  | EV +2) [Jiyva's grace]
  8261 | Lair:3   | Lost mutation: Your melee attacks may engulf your foes in
                  | ooze. [Jiyva's grace]
  8261 | Lair:3   | Gained mutation: You have a small jelly attached to you
                  | that may absorb projectiles. [Jiyva's grace]
  8261 | Lair:3   | Gained mutation: You have a small jelly attached to you
                  | that senses nearby items. [Jiyva's grace]
  8261 | Lair:3   | Gained mutation: Your melee attacks may engulf your foes in
                  | ooze. [Jiyva's grace]
  8261 | Lair:3   | Gained mutation: Armour fits poorly on your pseudopods.
                  | [Jiyva's grace]
  8521 | Lair:4   | Gained mutation: A meltable shield of frost defends you.
                  | (SH +4) [demonic ancestry]
  8521 | Lair:4   | Reached XP level 13. HP: 89/101 MP: 13/13
  8539 | Lair:4   | Slain by an eight-headed hydra

Illustrated notes

Levels and vault maps discovered:
D:1:      dpeg_arrival_tiny_a, layout_rooms
D:2:      layout_basic, hellmonk_ecumenical_altar_blasted, basic_altar,
          nrook_uturn, corner_web_ring
D:3:      layout_basic, pdpol_wu_jian_five_deadly_venoms,
          mainiacjoe_overflow_brackets, st_stairs_2, uniq_jessica
D:4:      layout_loops_ring
D:5:      layout_loops_cross, minmay_fractal_squares_5
D:6:      layout_basic, mainiacjoe_overflow_24_doors,
          minmay_temple_entry_junction, uniq_duvessa, uniq_jeremiah, uniq_edmund
D:7:      layout_basic, mainiacjoe_overflow_small_starburst,
          mainiacjoe_overflow_cross_hatched, gup_ossuary_entry_pyramid,
          nzn_random_ring, uniq_menkaure, uniq_maggie
D:8:      layout_rooms, mainiacjoe_overflow_boulevard,
          hangedman_abyss_or_decor_stabs, nicolae_shop_dragon_depot,
          nrook_loot_triangle
D:9:      cheibrodos_shockbox, layout_small_grid, kennysheep_mini_moat,
          lemuel_crystal_altar, gammafunk_temple_overflow_pools,
          erik_lair_dragon, special_room [special_room_orc], serial_rivers,
          chequers_serial_rivers_small_3, chequers_serial_rivers_small_a,
          chequers_serial_rivers_large_a, chequers_serial_rivers_micro_e,
          chequers_serial_rivers_micro_a
Temple:   nicolae_temple_x_marks_the_god
Lair:1:   layout_roguey, hellmonk_guarded_unrand_zhor, grunt_megastairs_5,
          infiniplex_staircase_pool, serial_bayou_shore_b
Lair:2:   layout_cave_pods, nicolae_spider_entry_tight_spaces,
          serial_bayou_shore_b, grunt_megastairs_1
Lair:3:   layout_misc_corridors, minmay_shoals_entry_hut, minmay_lindwurm_lava
Lair:4:   layout_cave_shapes, slime_entry_1, grunt_megastairs_3

Skill      XL: |  1  2  3  4  5  6  7  8  9 10 11 12 13 |
---------------+----------------------------------------+-----
Dodging        | 2 3 4 5 6 7 |  7.9
Unarmed Combat | 3 4 5 6 8 9 10 11 | 11.4
Shapeshifting  | 3 4 5 6 7 8 9 10 | 10.6
Fighting       | 2 3 4 5 6 8 9 |  9.5
Armour         | 1 3 4 5 6 |  6.0
Shields        | 1 3 |  3.4

Action                     |  1- 3 |  4- 6 |  7- 9 | 10-12 | 13-15 || total
---------------------------+-------+-------+-------+-------+-------++-------
  Melee: Unarmed           |    97 |    81 |    36 |   488 |    18 ||   720
         Headbutt          |     3 |    16 |    33 |   110 |     9 ||   171
         Punch             |     2 |     1 |     3 |     2 |     2 ||    10
         Kick              |       |    16 |    39 |       |       ||    55
         Hand axe          |       |    20 |    28 |       |       ||    48
         Tailslap          |       |     2 |    17 |    89 |     1 ||   109
         Trident           |       |       |   108 |       |       ||   108
         Touch             |       |       |    17 |   111 |     3 ||   131
         Pseudopods        |       |       |       |     2 |     7 ||     9
  Evoke: Box of beasts     |       |       |       |       |     1 ||     1
    Use: Scroll            |       |       |     9 |     7 |       ||    16
         Potion            |       |       |       |     1 |       ||     1
   Stab: Sleeping          |     1 |     1 |       |       |       ||     2
 Armour: Animal skin       |    17 |       |       |   172 |    30 ||   219
         Ring mail         |    24 |       |   179 |   140 |       ||   343
         Robe              |       |    67 |     5 |       |       ||    72
  Dodge: Dodged            |    56 |    56 |   172 |   362 |    24 ||   670
  Block: Other             |       |       |       |       |    11 ||    11
   Form: Flux              |       |       |     1 |       |       ||     1
         Blade             |       |       |       |     1 |       ||     1

Table legend: (Time is in decaauts)
 A = Elapsed time spent in this place.
 B = Non-inter-level travel time spent in this place.
 C = Inter-level travel time spent in this place.
 D = Time resting spent in this place.
 E = Time spent auto-exploring this place.
 F = Levels seen in this place.
 G = Mean time per level.
                   A        B        C        D        E       F      G
               +--------+--------+--------+--------+--------+-----+--------+
         Total |   8482 |   8191 |    291 |     53 |   6116 |  15 |  565.5 |
       Dungeon |   5766 |   5543 |    223 |      9 |   4308 |   9 |  640.7 |
        Temple |      1 |      1 |      0 |      0 |      0 |   1 |    1.0 |
          Lair |   2539 |   2471 |     68 |     44 |   1716 |   4 |  634.8 |
       Ossuary |    175 |    175 |      0 |      0 |     92 |   1 |  175.0 |
               +--------+--------+--------+--------+--------+-----+--------+

Top non-repeatable levels by time:
  Lair:2: 1070 daAuts
     D:9: 842 daAuts
     D:7: 840 daAuts
  Lair:1: 820 daAuts
     D:3: 747 daAuts
     D:2: 720 daAuts
  Lair:3: 606 daAuts
     D:5: 580 daAuts
     D:1: 549 daAuts
     D:4: 543 daAuts
     D:8: 522 daAuts
     D:6: 420 daAuts
 Ossuary: 175 daAuts
  Lair:4: 42 daAuts
  Temple: 1 daAuts
